 Dungeon Crawl Stone Soup version 0.21-a0-111-g52d2817 (webtiles) character file.

30 wazuzu the Magician (level 3, 24/24 HPs)
             Began as a Mummy Wizard on July 11, 2017.
             Quit the game on level 2 of the Dungeon.
             The game lasted 00:03:08 (1268 turns).

wazuzu the Magician (Mummy Wizard)                  Turns: 1268, Time: 00:03:09

Health: 24/24      AC:  3    Str: 10    XL:     3   Next: 5%
Magic:  1/8        EV: 12    Int: 18    God:
Gold:   38         SH:  0    Dex: 10    Spells: 9/10 levels left

rFire    x . .     SeeInvis .   e - +0 short sword
rCold    + . .     Gourm    .   (no shield)
rNeg     + + +     Faith    .   a - +0 robe
rPois    ∞         Spirit   .   b - +0 hat
rElec    .         Reflect  .   (no cloak)
rCorr    .         Harm     .   h - +0 pair of gloves (curse)
MR       .....                  (no boots)
Stlth    ++........             (no amulet)
HPRegen  0.08/turn              (no ring)
MPRegen  0.11/turn              (no ring)

@: no status effects
A: no food or potions, fire vulnerability, cold resistance 1, negative energy
resistance 3, torment resistance, unbreathing
a: no special abilities


You were on level 2 of the Dungeon.
You were not hungry.

You visited 1 branch of the dungeon, and saw 2 of its levels.

You collected 38 gold pieces.

Inventory:

Hand Weapons
 e - a +0 short sword (weapon)
Armour
 a - a +0 robe (worn)
 b - a +0 hat (worn)
 g - a +0 buckler
 h - a cursed +0 pair of gloves (worn)
Scrolls
 d - a scroll of identify {unknown}
 f - a scroll of teleportation {unknown}
Books
 c - a book of Minor Magic

   Spells                             Type                      Level
   a - Magic Dart                     Conjuration                  1
   b - Blink                          Translocation                2
   c - Call Imp                       Summoning                    2
   d - Slow                           Hexes                        2
   e - Conjure Flame                  Conjuration/Fire             3
   f - Mephitic Cloud                 Conjuration/Poison/Air       3


   Skills:
 - Level 1.5 Dodging
 - Level 1.5 Stealth
 + Level 4.2 Spellcasting
 * Level 2.2 Conjurations
   Level 0.7 Summonings
   Level 0.7 Translocations


You had 9 spell levels left.
You knew the following spells:

 Your Spells              Type           Power        Failure   Level  Hunger
a - Magic Dart            Conj           ##..         5%          1    N/A

Dungeon Overview and Level Annotations

Branches:
Dungeon (2/15)

Altars:
Qazlal


Innate Abilities, Weirdness & Mutations

You do not eat or drink.
Your flesh is vulnerable to fire.
You are immune to poison.
Your flesh is cold resistant. (rC+)
You are immune to negative energy. (rN+++)
You are immune to unholy pain and torment.
You can survive without breathing.


Message History

Casting: Magic Dart
Confirm with . or Enter, or press ? or * to list all spells.
You don't have enough magic to cast that spell.
Casting: Magic Dart
Confirm with . or Enter, or press ? or * to list all spells.
You don't have enough magic to cast that spell.
The giant cockroach bites you but does no damage.
The giant cockroach barely misses you.
There is a stone staircase leading up here.
You barely miss the giant cockroach.
The giant cockroach is heavily wounded.
The giant cockroach bites you but does no damage.
You hit the giant cockroach but do no damage.
The giant cockroach is heavily wounded.
The giant cockroach barely misses you. The giant cockroach closely misses you.
You hit the giant cockroach.
You kill the giant cockroach!
Found a stormy altar of Qazlal.
You see here a hobgoblin corpse.
Are you sure you want to abandon this character and quit the game? (Confirm with "yes".)

## #######
..<##.....##
.......?...##
............#
............#
.......@†<..#
............#
#.#.........#
._..........#
#.#.........#
...##.........
###
########...
##. #.


There were no monsters in sight!

Vanquished Creatures
  An ooze (D:1)
  2 dart slugs (D:1)
  A leopard gecko (D:1)
  3 bats (D:1)
  4 giant cockroaches
  A goblin (D:1)
  3 hobgoblins
  3 kobolds (D:1)
  3 rats
21 creatures vanquished.

Notes
Turn   | Place    | Note
-------+----------+-------------------------------------------
     0 | D:1      | wazuzu the Mummy Wizard began the quest for the Orb.
     0 | D:1      | Reached XP level 1. HP: 13/13 MP: 5/5
    15 | D:1      | Reached skill level 1 in Conjurations
   208 | D:1      | Reached XP level 2. HP: 16/19 MP: 4/7
  1259 | D:2      | Reached XP level 3. HP: 24/24 MP: 1/8
  1266 | D:2      | Found a stormy altar of Qazlal.
  1268 | D:2      | Quit the game

Vault maps used:
D:1:      lightli_arrival_isolated_outpost, hangedman_abyss_or_decor_lesser_grid
D:2:      okawaru_trees_2, lemuel_crystal_altar, first_bread

Skill      XL: |  1  2 |
---------------+-------+-----
Conjurations   | 1 2 |  2.2
Dodging        | |  1.5
Stealth        | |  1.5
Spellcasting   | |  4.2
Summonings     | |  0.7
Translocations | |  0.7

Action                   || total
-------------------------++-------
Melee: Short sword       ||     8
 Cast: Magic Dart        ||    61
Armor: Robe              ||     5
Dodge: Dodged            ||    13
